 Dungeon Crawl Stone Soup version 0.30.0-29-ga12c61a403 (webtiles) character file.

Game seed: 13966525778424010308

1444 Edyrem the Cudgeller (level 8, -9/51 HPs)
             Began as a Gargoyle Fighter on June 14, 2023.
             Was a Follower of Okawaru.
             Mangled by Maggie
             ... wielding a +2 halberd of flaming
              (18 damage)
             ... on level 6 of the Dungeon.
             The game lasted 00:13:29 (4858 turns).

Edyrem the Cudgeller (Gargoyle Fighter)             Turns: 4858, Time: 00:13:29

Health: -9/51      AC: 19    Str: 23    XL:     8   Next: 74%
Magic:  7/8        EV:  8    Int:  8    God:    Okawaru [*.....]
Gold:   304        SH:  5    Dex:  9    Spells: 7/7 levels left

rFire   . . .        a - +0 flail
rCold   . . .        c - +0 buckler
rNeg    + + .        u - +0 chain mail
rPois   ∞            (no helmet)
rElec   +            (no cloak)
rCorr   .            n - +2 pair of gloves
SInv    +            (no boots)
Will    .....        g - amulet of regeneration Stlth
                     r - ring of see invisible
HPRegen 1.08/turn    z - ring of positive energy
MPRegen 0.11/turn

%: no passive effects
@: mighty
A: sickness immunity, AC +5, negative energy resistance 1, electricity
resistance, torment resistance 1, petrification resistance
a: Renounce Religion, Heroism


You were on level 6 of the Dungeon.
You worshipped Okawaru.
Okawaru was aware of your devotion.
You visited 2 branches of the dungeon, and saw 7 of its levels.

You collected 364 gold pieces.
You spent 60 gold pieces at shops.

Inventory:

Hand Weapons
 a - a +0 flail (weapon)
 b - a +0 war axe
Missiles
 o - 49 poisoned darts (quivered)
 q - 3 boomerangs
Armour
 c - a +0 buckler (worn)
 n - a +2 pair of gloves (worn)
 u - a +0 chain mail (worn)
Jewellery
 g - an amulet of regeneration (around neck)
 r - a ring of see invisible (left hand)
 x - a ring of protection from fire
 z - a ring of positive energy (right hand)
Scrolls
 e - 7 scrolls of identify {unknown}
 i - a scroll of poison {unknown}
 j - 4 scrolls of silence {unknown}
 k - 4 scrolls of teleportation {unknown}
 l - 2 scrolls of enchant armour {unknown}
 m - 2 scrolls of enchant weapon {unknown}
 t - a scroll of noise {unknown}
 w - a scroll of vulnerability {unknown}
 y - a scroll of magic mapping {unknown}
 B - a scroll of blinking {unknown}
 F - a scroll of fog {unknown}
Potions
 f - a potion of magic {unknown}
 h - a potion of mutation {unknown}
 p - a potion of haste {unknown}
 v - 2 potions of berserk rage {unknown}
 A - a potion of ambrosia {unknown}
 C - 2 potions of curing {unknown}
 D - a potion of brilliance {unknown}
 E - a potion of flight {unknown}


   Skills:
 + Level 6.1 Fighting
 * Level 6.9 Maces & Flails
 + Level 6.0 Armour
 + Level 6.1 Shields


You had 7 spell levels left.
You didn't know any spells.
Your spell library contained the following spells:

 Spells                   Type           Power      Damage    Failure   Level
 Foxfire                  Conj/Fire      0%         2x1d4     95%         1
 Fireball                 Conj/Fire      0%         3d3       100%        5
 Plasma Beam              Fire/Air       0%         2x1d11    100%        6
 Starburst                Conj/Fire      0%         6d3       100%        6


Dungeon Overview and Level Annotations

Branches:
Dungeon (6/15)             Temple (1/1) D:4

Altars:
Ashenzari
Dithmenos
Fedhas
Gozag
Hepliaklqana
Kikubaaqudgha
Makhleb
Nemelex Xobeh
Okawaru
Ru
Sif Muna
Trog
Uskayaw
Vehumet
Wu Jian
Xom
Yredelemnul
Zin
The Shining One

Shops:
D:4 !

Annotations:
D:6 Maggie


Innate Abilities, Weirdness & Mutations

You are immune to sickness and miasma.
Your stone body is resilient. (AC +5)
You are immune to poison.
You resist negative energy. (rN+)
You are resistant to electric shocks. (rElec)
You are resistant to unholy torment.
You are immune to petrification.


Message History

Maggie burns you.
* * * LOW HITPOINT WARNING * * *
You feel much better. Maggie hits you but does no damage.
You barely miss Maggie.
Maggie is moderately wounded.
Maggie misses you.
You hit Maggie.
Maggie is heavily wounded.
Maggie hits you but does no damage.
You completely miss Maggie.
Maggie is heavily wounded.
You feel very mighty all of a sudden.
Maggie hits you with a +2 halberd of flaming!!
* * * LOW HITPOINT WARNING * * *
Maggie burns you.
* * * LOW HITPOINT WARNING * * *
You hit Maggie.
Maggie is heavily wounded.
You feel like a meek peon again.
Maggie hits you with a +2 halberd of flaming.
* * * LOW HITPOINT WARNING * * *
Maggie burns you.
* * * LOW HITPOINT WARNING * * *
You hit Maggie.
Maggie is heavily wounded.
Maggie points at you and mumbles some strange words.
The bolt of fire hits you.
* * * LOW HITPOINT WARNING * * *
You barely miss Maggie.
Maggie is heavily wounded.
You block Maggie's attack.
Okay, then.
You sock Maggie!
Maggie is almost dead.
Maggie closely misses you. You block Maggie's attack.
You closely miss Maggie.
Maggie is almost dead.
You break out of your daze.
Maggie hits you with a +2 halberd of flaming!!
You die...

##..# #.# #..## ##.#
##..# ###.#####
##.###...#...## #
#..#...#....<#
..#######....#......#
......###..)##.....##
#.........###....##
####....@@.#....##
##.....#......#
##....####....## ####
#...(## ##)### ###..#
##..### ##.#####....#
##..## ##.##......#
####..## ##)......##
###....## #........#
#.....## ##........#


You could see Maggie (strong).

Vanquished Creatures
  Duvessa (D:6)
  An ice beast (D:5)
  4 ogres (D:5)
  A centaur (D:5)
  5 kobold brigands (D:3)
  Dowan (D:6)
  A howler monkey (D:4)
  3 hounds
  Jessica (D:2)
  2 orc wizards
  11 gnolls (D:3)
  2 adders
  An ufetubus (D:6)
  A dart slug (D:2)
  11 orcs
  5 endoplasms
  A giant cockroach (D:2)
  6 goblins
  9 hobgoblins
  6 jackals
  33 kobolds (D:3)
  5 quokkas
  4 ball pythons
  3 bats
  6 frilled lizards
  4 rats
128 creatures vanquished.

Notes
Turn   | Place    | Note
-------+----------+-------------------------------------------
     0 | D:1      | Edyrem the Gargoyle Fighter began the quest for the Orb.
     0 | D:1      | Reached XP level 1. HP: 14/14 MP: 1/1
   335 | D:1      | Reached XP level 2. HP: 19/19 MP: 2/2
   803 | D:2      | Found a faded altar of an unknown god.
  1132 | D:2      | Reached XP level 3. HP: 23/23 MP: 3/3
  1143 | D:2      | Noticed Jessica
  1148 | D:2      | Killed Jessica
  1149 | D:2      | Reached XP level 4. HP: 29/29 MP: 4/4
  1689 | D:3      | Noticed a kobold brigand
  1710 | D:3      | Killed a kobold brigand
  1711 | D:3      | Reached XP level 5. HP: 33/33 MP: 5/5
  1790 | D:3      | Reached XP level 6. HP: 32/38 MP: 6/6
  2013 | D:3      | Reached XP level 7. HP: 24/44 MP: 7/7
  2024 | D:3      | Reached skill level 5 in Maces & Flails
  2059 | D:3      | Reached skill level 5 in Shields
  2320 | D:3      | Reached skill level 5 in Armour
  2328 | D:3      | Reached skill level 5 in Fighting
  3058 | D:4      | Found Sunor's Distillery.
  3067 | D:4      | Bought a potion of heal wounds for 60 gold pieces
  3135 | D:4      | Found a staircase to the Ecumenical Temple.
  3147 | Temple   | Entered the Ecumenical Temple
  3323 | Temple   | Became a worshipper of Warmaster Okawaru
  3619 | D:4      | Found a basalt altar of Yredelemnul.
  3622 | D:4      | Found a shimmering blue altar of Sif Muna.
  3626 | D:4      | Found a sacrificial altar of Ru.
  3755 | D:5      | Entered Level 5 of the Dungeon
  4129 | D:5      | Reached XP level 8. HP: 24/49 MP: 8/8
  4188 | D:5      | Reached * piety under Okawaru
  4664 | D:6      | Noticed Duvessa
  4698 | D:6      | Killed Duvessa
  4701 | D:6      | Noticed Dowan
  4719 | D:6      | Killed Dowan
  4808 | D:6      | Noticed Maggie
  4858 | D:6      | Mangled by Maggie

Illustrated notes

Levels and vault maps discovered:
D:1:      saegor_arrival_simple_c, layout_loops_ring, fountainhead
D:2:      layout_basic, shapermc_ecumenical_altar_ellora,
          minmay_misc_feat_tower, nicolae_concentric_dashed_squares_wild,
          uniq_jessica
D:3:      minmay_goblin_kobold_castle, layout_basic, nicolae_eternal_life
D:4:      layout_cave_pods, grunt_temple_overflow_diamond,
          minmay_temple_entry_slanted, serial_shops, nicolae_stop_n_shop_1,
          kennysheep_small_circle
D:5:      layout_cave_pools
D:6:      layout_cave_pods, elyvilon_altar_4, uniq_maggie, uniq_duvessa,
          uniq_pikel
Temple:   eino_temple_rhombus

Skill      XL: |  1  2  3  4  5  6  7  8 |
---------------+-------------------------+-----
Maces & Flails | 3 4 5 6 |  6.9
Armour         | 4 5 6 |  6.0
Fighting       | 4 5 6 |  6.1
Shields        | 4 5 6 |  6.1

Action                     |  1- 3 |  4- 6 |  7- 9 || total
---------------------------+-------+-------+-------++-------
  Melee: Flail             |    61 |   211 |   231 ||   503
 Invoke: Heroism           |       |       |     2 ||     2
    Use: Potion            |       |       |     3 ||     3
 Armour: Scale mail        |    26 |    50 |       ||    76
         Chain mail        |       |   159 |   131 ||   290
  Dodge: Dodged            |    25 |   148 |    89 ||   262
  Block: Buckler           |     9 |    68 |    61 ||   138
